 Dungeon Crawl Stone Soup version 0.21.1-1-g345015f (webtiles) character file.

417 Fang the Chopper (level 6, -2/58 HPs)
             Began as a Gargoyle Berserker on May 21, 2018.
             Was a Priest of Trog.
             Slain by an orc
             ... wielding a +0 trident
              (4 damage)
             ... on level 4 of the Dungeon.
             The game lasted 00:05:10 (3133 turns).

Fang the Chopper (Gargoyle Berserker)               Turns: 3133, Time: 00:05:11

Health: -2/58      AC:  6    Str: 28    XL:     6   Next: 92%
Magic:  6/6        EV: 13    Int:  7    God:    Trog [***...]
Gold:   274        SH:  0    Dex:  9    Spells: 5/5 levels left

rFire    . . .     SeeInvis .   a - +0 hand axe
rCold    . . .     Gourm    .   (no shield)
rNeg     + . .     Faith    .   b - +0 animal skin
rPois    ∞         Spirit   .   (no helmet)
rElec    +         Reflect  .   (no cloak)
rCorr    .         Harm     .   (no gloves)
MR       .....                  (no boots)
Stlth    ..........             (no amulet)
HPRegen  0.19/turn              (no ring)
MPRegen  0.10/turn              (no ring)

@: berserking, very quick
A: negative energy resistance 1, electricity resistance, unbreathing,
petrification resistance, rot immunity, AC +4
a: Berserk, Trog's Hand, Burn Spellbooks, Renounce Religion


You were on level 4 of the Dungeon.
You worshipped Trog.
Trog was most pleased with you.
You were not hungry.

You visited 1 branch of the dungeon, and saw 4 of its levels.

You collected 274 gold pieces.

Inventory:

Hand Weapons
 a - a +0 hand axe (weapon)
Armour
 b - a +0 animal skin (worn)
Wands
 m - a wand of clouds (6)
 q - a wand of paralysis (15)
Scrolls
 d - 5 scrolls of teleportation {unknown}
 f - 6 scrolls of identify {unknown}
 g - a scroll of enchant weapon {unknown}
 i - a scroll of fog {unknown}
 j - 2 scrolls of blinking {unknown}
 l - 6 scrolls of enchant armour {unknown}
 n - a scroll of random uselessness {unknown}
Potions
 e - 3 potions of curing {unknown}
 h - a potion of invisibility {unknown}
 k - 2 potions of cancellation {unknown}
 o - a potion of flight {unknown}
 p - a potion of resistance {unknown}
Comestibles
 c - 7 rations


   Skills:
 + Level 4.6 Fighting
 + Level 5.1 Axes
 + Level 2.4 Armour
 + Level 3.3 Dodging
 + Level 0.6 Stealth


You had 5 spell levels left.
You didn't know any spells.

Dungeon Overview and Level Annotations

Branches:
Dungeon (4/15)
 Temple: D:4-7

Altars:
Elyvilon
Fedhas
Ru
Vehumet
Xom


Innate Abilities, Weirdness & Mutations

You are resistant to torment.
Your stone body is resilient. (AC +4)
You are immune to poison.
You resist negative energy. (rN+)
You are resistant to electric shocks. (rElec)
You can survive without breathing.
You are immune to petrification.
You are immune to rotting.


Message History

Unknown command.
You closely miss the orc priest.
The orc hits you from afar with a trident.
Unknown command.
You closely miss the orc priest. The orc priest misses you.
The orc completely misses you.
The orc hits you from afar with a trident.
Unknown command.
You closely miss the orc priest. You hit the orc priest.
The orc priest mumbles some strange prayers to Beogh against you.
Beogh smites you!
* * * LOW HITPOINT WARNING * * *
You closely miss the orc priest.
The orc priest is lightly wounded.
You barely miss the orc priest.
The orc priest mumbles some strange prayers to Beogh against you.
Pain shoots through your body!
* * * LOW HITPOINT WARNING * * *
The orc hits you from afar with a trident.
You die...

.#+#.#+......#....#
.. #.....#.#.#...#
.. . +....#.#.#+...#
...
#.#.....#.#.#...#
#.#+#.#+#.#....#
#.......#.#...# ###
+....o..+#'...#....
#.#....o..#.#......#
#....o@...#.......#
#.#.#o#+#.#........#
#.# #.#.#.......#
..# #.#.#........#
.. #.#.#)#.......#
.. #.#.#.#........#
. ..#.... #.#....##
..#.#.. .#.##..#
.#.#... # # ..#


You could see 2 orc priests and 2 orcs.

Vanquished Creatures
  An ogre (D:4)
  2 orc priests (D:4)
  A hound (D:4)
  A worker ant (D:4)
  Natasha (D:2)
  Terence (D:2)
  6 adders
  An adder skeleton (D:4)
  2 worms (D:2)
  4 dart slugs
  4 leopard geckos
  15 orcs
  7 bats
  5 giant cockroaches
  3 goblins
  6 hobgoblins
  8 jackals (D:3)
  2 quokkas
  7 frilled lizards
  9 kobolds
  A quokka skeleton (D:4)
  9 rats
96 creatures vanquished.

Notes
Turn   | Place    | Note
-------+----------+-------------------------------------------
     0 | D:1      | Fang the Gargoyle Berserker began the quest for the Orb.
     0 | D:1      | Reached XP level 1. HP: 14/14 MP: 1/1
   112 | D:1      | Reached skill level 3 in Axes
   112 | D:1      | Reached XP level 2. HP: 8/19 MP: 2/2
   911 | D:2      | Reached XP level 3. HP: 20/24 MP: 3/3
   912 | D:2      | Noticed Terence
   920 | D:2      | Killed Terence
  1145 | D:2      | Reached XP level 4. HP: 27/29 MP: 4/4
  1285 | D:2      | Found a blossoming altar of Fedhas.
  1293 | D:2      | Reached ** piety under Trog
  1417 | D:2      | Noticed Natasha
  1419 | D:2      | Found a radiant altar of Vehumet.
  1422 | D:2      | Killed Natasha
  1422 | D:2      | Reached skill level 4 in Axes
  1422 | D:2      | Reached XP level 5. HP: 26/33 MP: 5/5
  1459 | D:2      | Found a shimmering altar of Xom.
  1460 | D:2      | Found a white marble altar of Elyvilon.
  2036 | D:3      | Reached *** piety under Trog
  2039 | D:3      | Found a sacrificial altar of Ru.
  2179 | D:3      | You fall through a shaft!
  2186 | D:4      | Noticed an ogre
  2186 | D:4      | Reached XP level 6. HP: 32/39 MP: 6/6
  3041 | D:4      | Reached skill level 5 in Axes
  3133 | D:4      | HP: 2/58 [orc priest/nerve-wracking pain (3)]
  3133 | D:4      | Slain by an orc

Skill      XL: |  1  2  3  4  5  6 |
---------------+-------------------+-----
Axes           | 3 4 5 |  5.1
Dodging        | 2 3 |  3.3
Fighting       | 4 |  4.6
Armour         | |  2.4
Stealth        | |  0.6

Action                   |  1- 3 |  4- 6 || total
-------------------------+-------+-------++-------
Melee: Hand axe          |    67 |   272 ||   339
Invok: Berserk           |     2 |     2 ||     4
 Stab: Sleeping          |       |     1 ||     1
  Eat: Chunk             |     2 |     6 ||     8
       Ration            |       |     1 ||     1
Armor: Animal skin       |    24 |    96 ||   120
Dodge: Dodged            |    44 |   196 ||   240
